 Dungeon Crawl Stone Soup version 0.25-a0-571-gb5e01bddfa (webtiles) character file.

Game seed: 13009183310390124702, levelgen mode: deterministic

781 Eurus the Conjurer (level 7, -5/48 HPs)
             Began as a Mummy Conjurer on Feb 29, 2020.
             Was an Initiate of Ashenzari.
             Blown up by Ijyb (31 damage)
             ... with a disintegration bolt
             ... on level 5 of the Dungeon.
             The game lasted 00:12:17 (5889 turns).

Eurus the Conjurer (Mummy Conjurer)                 Turns: 5889, Time: 00:12:17

Health: -5/48      AC:  6    Str: 11    XL:     7   Next: 55%
Magic:  8/15       EV: 12    Int: 17    God:    Ashenzari [......]
Gold:   226        SH:  0    Dex: 12    Spells: 10/17 levels left

rFire    x . .     SeeInvis +   c - +1 dagger (drain)
rCold    + . .     Gourm    .   (no shield)
rNeg     + + +     Faith    .   k - +3 leather armour (curse)
rPois    ∞         Spirit   .   (no helmet)
rElec    .         Reflect  .   (no cloak)
rCorr    .         Harm     .   (no gloves)
MR       .....                  (no boots)
Stlth    +.........             (no amulet)
HPRegen  0.16/turn              b - ring of see invisible
MPRegen  0.14/turn              (no ring)

@: no status effects
A: no food or potions, fire vulnerability, cold resistance 1, negative energy
resistance 3, torment resistance, unbreathing
a: Curse Item, Renounce Religion


You were on level 5 of the Dungeon.
You worshipped Ashenzari.
Ashenzari was noncommittal.
You were not hungry.

You visited 2 branches of the dungeon, and saw 6 of its levels.

You collected 226 gold pieces.

Inventory:

Hand Weapons
 c - a +1 dagger of draining (weapon)
Armour
 k - a cursed +3 leather armour (worn)
Jewellery
 b - a ring of see invisible (left hand)
Wands
 m - a wand of enslavement (7)
 p - a wand of paralysis (7)
Scrolls
 a - a scroll of magic mapping {unknown}
 d - 3 scrolls of teleportation {unknown}
 e - a scroll of fear {unknown}
 f - 2 scrolls of remove curse
 g - 2 scrolls of identify {unknown}
 h - a scroll of immolation {unknown}
 i - a scroll of noise {unknown}
 j - a scroll of blinking {unknown}
 l - a scroll of enchant weapon {unknown}
 n - a scroll of random uselessness {unknown}
 o - a scroll of amnesia {unknown}


   Skills:
 - Level 1.4 Fighting
 * Level 3.0 Armour
 - Level 1.8 Dodging
 - Level 1.5 Stealth
 + Level 5.5 Spellcasting
 + Level 5.7 Conjurations
 + Level 1.1 Translocations


You had 10 spell levels left.
You knew the following spells:

 Your Spells              Type           Power        Failure   Level  Hunger
a - Magic Dart            Conj           ###.         1%          1    N/A
b - Searing Ray           Conj           ###...       2%          2    N/A
c - Iskenderun's Mystic   Conj/Tloc      ###.....     38%         4    N/A

Your spell library contained the following spells:

 Spells                   Type           Power        Failure   Level  Hunger
 Dazzling Flash           Conj/Hex       ##....       16%         3    N/A
 Animate Skeleton         Necr           N/A          17%         1    N/A
 Pain                     Necr           #...         17%         1    N/A
 Vampiric Draining        Necr           #.........   45%         3    N/A
 Fulminant Prism          Conj/Hex       ##........   47%         4    N/A
 Animate Dead             Necr           N/A          86%         4    N/A
 Agony                    Necr           #.......     99%         5    N/A

Dungeon Overview and Level Annotations

Branches:
Dungeon (5/15)             Temple (1/1) D:4

Altars:
Ashenzari
Cheibriados
Dithmenos
Elyvilon
Gozag
Hepliaklqana
Kikubaaqudgha
Makhleb
Nemelex Xobeh
Okawaru
Ru
Sif Muna
Uskayaw
Vehumet
Wu Jian
Xom
Zin

Shops:
D:2 *

Annotations:
D:4 Sigmund
D:5 Ijyb


Innate Abilities, Weirdness & Mutations

You do not eat or drink.
Your flesh is vulnerable to fire.
You are immune to poison.
Your flesh is cold resistant. (rC+)
You are immune to negative energy. (rN+++)
You are immune to unholy pain and torment.
You can survive without breathing.


Message History

You completely miss Ijyb.
Ijyb is moderately wounded.
Ijyb zaps a wand.
You are blasted!
You hit Ijyb.
Ijyb is heavily wounded.
Ijyb zaps a wand.
You resist with significant effort.
You barely miss Ijyb.
Ijyb is heavily wounded.
Ijyb barely misses you.
Casting: Searing Ray (safe; 2% risk of failure)
Confirm with . or Enter, or press ? or * to list all spells.
Aiming: Searing Ray (safe; 2% risk of failure)
Press: ? - help, Shift-Dir - straight line, f - Ijyb
Aim: Ijyb, wearing a +0 leather armour and carrying a wand of disintegration (11) (heavily wounded, heavily drained)
The searing ray hits Ijyb!
Ijyb is severely wounded. (Press . to maintain the ray.) Ijyb zaps a wand.
You are blasted!
Ouch! That really hurt!
You die...

........##
..^..(....
.........##
#........
.###.......#
..........#
#........#
####.......##
..........@.#
.###.......#g#
...........#S..
...........####..
...........# ...
...........# ..
...........# .
...........#
...........#


You could see Ijyb and an adder.

Vanquished Creatures
  Menkaure (D:4)
  An ogre (D:2)
  2 scorpions
  A crimson imp (D:5)
  A centaur zombie (D:5)
  2 hounds (D:3)
  An orc wizard (D:2)
  4 orc priests
  A worker ant (D:3)
  2 adders
  6 oozes
  2 adder skeletons (D:4)
  A worm (D:3)
  2 dart slugs
  3 leopard geckos
  23 orcs
  5 giant cockroaches
  7 goblins
  12 hobgoblins
  5 jackals
  2 quokkas
  2 ball pythons
  8 bats
  8 frilled lizards
  7 kobolds
  A leopard gecko skeleton (D:4)
  A quokka skeleton (D:4)
  6 rats
117 creatures vanquished.

Notes
Turn   | Place    | Note
-------+----------+-------------------------------------------
     0 | D:1      | Eurus the Mummy Conjurer began the quest for the Orb.
     0 | D:1      | Reached XP level 1. HP: 13/13 MP: 4/4
   354 | D:1      | Reached XP level 2. HP: 20/20 MP: 0/5
   358 | D:1      | Learned a level 2 spell: Searing Ray
   910 | D:1      | Reached skill level 1 in Fighting
  1015 | D:1      | HP: 1/21 [kobold/+0 short sword (5)]
  1017 | D:1      | Reached XP level 3. HP: 1/26 MP: 5/7
  2276 | D:1      | Reached XP level 4. HP: 29/32 MP: 3/9
  2474 | D:2      | Noticed an ogre
  2489 | D:2      | Killed an ogre
  2489 | D:2      | Reached skill level 1 in Armour
  2489 | D:2      | Reached XP level 5. HP: 31/37 MP: 3/10
  2618 | D:2      | Found Zin's Purification Station.
  2623 | D:2      | Found a glowing silver altar of Zin.
  3909 | D:3      | Reached XP level 6. HP: 43/43 MP: 7/12
  4457 | D:4      | Found a staircase to the Ecumenical Temple.
  4472 | Temple   | Entered the Ecumenical Temple
  4619 | Temple   | Became a worshipper of Ashenzari the Shackled
  4649 | D:3      | Reached skill level 5 in Conjurations
  4709 | D:4      | Noticed Menkaure
  4769 | D:4      | Noticed Sigmund
  5081 | D:3      | Reached skill level 5 in Spellcasting
  5200 | D:3      | Reached XP level 7. HP: 26/48 MP: 9/14
  5206 | D:3      | Learned a level 4 spell: Iskenderun's Mystic Blast
  5498 | D:4      | Killed Menkaure
  5852 | D:5      | Entered Level 5 of the Dungeon
  5857 | D:5      | Reached skill level 1 in Translocations
  5881 | D:5      | Noticed Ijyb
  5889 | D:5      | Blown up by Ijyb

Levels and vault maps discovered:
D:1:      doesnt_arrival_eight_statues, layout_basic
D:2:      layout_basic, zin_purify, first_ration
D:3:      layout_loops_cross, minmay_door_square
D:4:      layout_rooms, minmay_temple_entry_overgrown, uniq_sigmund,
          uniq_menkaure
D:5:      layout_rooms, gammafunk_ghost_mausoleum,
          nicolae_ossuary_entry_catacombs, serial_shops,
          nicolae_shop_overgrown_old_shop, kennysheep_windowed_goal, uniq_ijyb
Temple:   nicolae_temple_elliptical

Skill      XL: |  1  2  3  4  5  6  7 |
---------------+----------------------+-----
Spellcasting   | 3 4 5 |  5.5
Fighting       | 1 |  1.4
Conjurations   | 4 5 |  5.7
Armour         | 1 2 3 |  3.0
Translocations | 1 |  1.1
Dodging        | |  1.8
Stealth        | |  1.5

Action                   |  1- 3 |  4- 6 |  7- 9 || total
-------------------------+-------+-------+-------++-------
Melee: Dagger            |    90 |   102 |    22 ||   214
       Unarmed           |     1 |       |       ||     1
 Cast: Magic Dart        |    59 |    42 |     9 ||   110
       Searing Ray       |     1 |    17 |     8 ||    26
Invok: Curse Item        |       |     1 |       ||     1
 Stab: Sleeping          |       |     1 |       ||     1
Armor: Robe              |    26 |    11 |       ||    37
       Leather armour    |       |    13 |     5 ||    18
Dodge: Dodged            |   102 |    79 |    14 ||   195

Table legend:
 A = Non-vault XP
 B = Vault XP
 C = Vault XP percentage of total XP
 D = Non-vault monster count
 E = Vault monster count
 F = Vault count percentage of total count
                 A         B        C        D         E       F
            +---------+---------+-------+---------+---------+-------
      Total |     945 |     172 |  15.4 |     116 |       1 |   0.9
            +---------+---------+-------+---------+---------+-------
        D:1 |      66 |       0 |   0.0 |      35 |       0 |   0.0
        D:2 |     262 |       0 |   0.0 |      23 |       0 |   0.0
        D:3 |     303 |       0 |   0.0 |      32 |       0 |   0.0
        D:4 |     217 |     172 |  44.2 |      23 |       1 |   4.2
        D:5 |      97 |       0 |   0.0 |       3 |       0 |   0.0
            +---------+---------+-------+---------+---------+-------
